| TOP OF THE 1ST |
|
Oakland Athletics batting - Pitching for Kansas City Royals : LHP John Brooks
|
|
Pitching: LHP John Brooks
|
|
|
Batting: RHB Jason May
|
0-0: Foul Ball, location: 2F 0-1: Swinging Strike 0-2: Ball 1-2: Ball 2-2: Ball 3-2: Ground out 6-3 (Groundball, 6, EV 105.0 MPH)
|
|
Batting: RHB C.J. Beavers
|
0-0: Ball 1-0: Foul Ball, location: 2F 1-1: Ball 2-1: Swinging Strike 2-2: Strikes out swinging
|
|
Batting: SHB Jerry Luckwell
|
0-0: Ball 1-0: DOUBLE (Line Drive, 9LS, EV 106.2 MPH)
|
|
Batting: RHB Muneo Kawachi
|
0-0: Ball Balk! Jerry Luckwell to third 1-0: Ball 2-0: Foul Ball, location: 2F 2-1: Ball 3-1: Fly out, F8 (Flyball, 78D, EV 98.1 MPH)
|
| Top of the 1st over - 0 runs, 1 hit, 0 errors, 1 left on base; Oakland 0 - Kansas City 0 |
| BOTTOM OF THE 1ST |
|
Kansas City Royals batting - Pitching for Oakland Athletics : RHP Corbin Schenn
|
|
Pitching: RHP Corbin Schenn
|
|
|
Batting: SHB Jose Pacheco
|
0-0: Ball 1-0: Fly out, F7 (Flyball, 7, EV 91.9 MPH)
|
|
Batting: RHB Matt Belgard
|
0-0: Ball 1-0: Ball 2-0: Called Strike 2-1: Foul Ball, location: 2F 2-2: Ground out 5-3 (Groundball, 56, EV 110.6 MPH)
|
|
Batting: LHB Mike Meyerhoff
|
0-0: Hit by Pitch
|
|
Batting: RHB Mike Jaquez
|
0-0: Ball 1-0: Called Strike 1-1: Ball 2-1: DOUBLE (Line Drive, 78M, EV 108.1 MPH) Mike Meyerhoff to third Runner from 3rd tries for Home, throw by LF and OUT! 7-6-2
|
| Bottom of the 1st over - 0 runs, 1 hit, 0 errors, 1 left on base; Oakland 0 - Kansas City 0 |
| TOP OF THE 2ND |
|
Oakland Athletics batting - Pitching for Kansas City Royals : LHP John Brooks
|
|
Batting: RHB Randy Shrewsbury
|
0-0: Ball 1-0: Called Strike 1-1: Ball 2-1: Ball 3-1: Called Strike 3-2: Base on Balls
|
|
Batting: SHB Quincy Bradford
|
0-0: Called Strike Randy Shrewsbury steals 2nd base 0-1: Foul Ball, location: 2F 0-2: Foul Ball, location: 2F 0-2: Foul Ball, location: 2F 0-2: Foul Ball, location: 2F 0-2: Ball 1-2: Ball 2-2: Ball 3-2: Ground out 6-3 (Groundball, 6, EV 86.9 MPH) Randy Shrewsbury to third
|
|
Batting: RHB Tommy Baird
|
0-0: Ball 1-0: Foul Ball, location: 2F 1-1: SINGLE (Groundball, 56S, EV 74.4 MPH) (infield hit) Randy Shrewsbury scores
|
|
Batting: RHB Nick Gentzel
|
0-0: Ball Tommy Baird steals 2nd base (no throw) 1-0: Ball 2-0: SINGLE (Flyball, 78S, EV 94.4 MPH) Tommy Baird to third Runner from 3rd tries for Home, SAFE, throw by LF to home
|
|
Batting: RHB Garry Hash
|
0-0: Ball 1-0: Swinging Strike 1-1: Ball 2-1: Ball 3-1: Swinging Strike 3-2: DOUBLE (Line Drive, 89D, EV 105.0 MPH) Nick Gentzel to third
|
|
Batting: RHB Jason May
|
0-0: Ball 1-0: Ball 2-0: Ball 3-0: Base on Balls
|
|
Batting: RHB C.J. Beavers
|
0-0: Swinging Strike 0-1: Called Strike 0-2: Ball 1-2: Ball 2-2: Foul Ball, location: 2F 2-2: Fly out, F8 (Flyball, 8LM, EV 96.9 MPH) Runner from 3rd tags up, SCORES, throw by CF
|
|
Batting: SHB Jerry Luckwell
|
0-0: Ball 1-0: Foul Ball, location: 2F 1-1: Foul Ball, location: 2F 1-2: Ball 2-2: Strikes out swinging
|
| Top of the 2nd over - 3 runs, 3 hits, 0 errors, 2 left on base; Oakland 3 - Kansas City 0 |
| BOTTOM OF THE 2ND |
|
Kansas City Royals batting - Pitching for Oakland Athletics : RHP Corbin Schenn
|
|
Batting: LHB Roman Downey
|
0-0: Ball 1-0: Called Strike 1-1: Ball 2-1: Ball 3-1: Base on Balls
|
|
Batting: SHB Gil Switzer
|
0-0: Ball 1-0: Swinging Strike 1-1: Swinging Strike 1-2: Grounds into double play, 6-4-3 (Groundball, 6, EV 79.4 MPH)
|
|
Batting: LHB Pete Hansel
|
0-0: Ball 1-0: Ball 2-0: Ball 3-0: Base on Balls
|
|
Batting: LHB Bill Baconneck
|
0-0: Ball 1-0: Foul Ball, location: 2F 1-1: Foul Ball, location: 2F 1-2: Ball Pete Hansel is caught stealing 2nd base 2-6
|
| Bottom of the 2nd over - 0 runs, 0 hits, 0 errors, 0 left on base; Oakland 3 - Kansas City 0 |
| TOP OF THE 3RD |
|
Oakland Athletics batting - Pitching for Kansas City Royals : LHP John Brooks
|
|
Batting: RHB Muneo Kawachi
|
0-0: Ball 1-0: Foul Ball, location: 2F 1-1: Foul Ball, location: 2F 1-2: Ball 2-2: Ball 3-2: Base on Balls
|
|
Batting: RHB Randy Shrewsbury
|
0-0: Ball 1-0: Foul Ball, location: 2F 1-1: Ball 2-1: Ball Passed Ball! Muneo Kawachi to second 3-1: Called Strike 3-2: Fly out, F7 (Flyball, 7, EV 76.9 MPH)
|
|
Batting: SHB Quincy Bradford
|
0-0: Foul Ball, location: 2F 0-1: Ball 1-1: Called Strike 1-2: Ball 2-2: Foul Ball, location: 2F 2-2: Ball 3-2: Fly out, F4 (Popup, 4S, EV 81.9 MPH)
|
|
Batting: RHB Tommy Baird
|
0-0: Called Strike 0-1: Ball 1-1: Called Strike 1-2: Strikes out looking
|
| Top of the 3rd over - 0 runs, 0 hits, 0 errors, 1 left on base; Oakland 3 - Kansas City 0 |
| BOTTOM OF THE 3RD |
|
Kansas City Royals batting - Pitching for Oakland Athletics : RHP Corbin Schenn
|
|
Batting: LHB Bill Baconneck
|
0-0: Fly out, F5 (Line Drive, 5L, EV 61.9 MPH)
|
|
Batting: LHB Manny Estrada
|
0-0: Ball 1-0: Ball 2-0: Ball 3-0: Base on Balls
|
|
Batting: SHB Jose Pacheco
|
0-0: Foul Ball, location: 2F 0-1: Foul Ball, location: 2F 0-2: Ball 1-2: Fly out, F9 (Flyball, 9D, EV 102.5 MPH)
|
|
Batting: RHB Matt Belgard
|
0-0: Ball 1-0: SINGLE (Line Drive, 9LS, EV 95.6 MPH) Manny Estrada to second Runner from 2nd tries for 3rd, OUT! 9-5
|
| Bottom of the 3rd over - 0 runs, 1 hit, 0 errors, 1 left on base; Oakland 3 - Kansas City 0 |
| TOP OF THE 4TH |
|
Oakland Athletics batting - Pitching for Kansas City Royals : LHP John Brooks
|
|
Batting: RHB Nick Gentzel
|
0-0: Called Strike 0-1: Swinging Strike 0-2: Ball 1-2: Foul Ball, location: 2F 1-2: Foul Ball, location: 2F 1-2: Ball 2-2: Strikes out looking
|
|
Batting: RHB Garry Hash
|
0-0: Ball 1-0: Ball 2-0: SINGLE (Line Drive, 8RS, EV 103.8 MPH)
|
|
Batting: RHB Jason May
|
0-0: Called Strike 0-1: Ball 1-1: Swinging Strike 1-2: Ball 2-2: Ball 3-2: Foul Ball, location: 2F 3-2: Foul Ball, location: 2F 3-2: Base on Balls Garry Hash to second
|
|
Batting: RHB C.J. Beavers
|
0-0: Ball 1-0: Foul Ball, location: 2F 1-1: Called Strike 1-2: Foul Ball, location: 2F 1-2: Ball 2-2: Foul Ball, location: 2F 2-2: Foul Ball, location: 2F 2-2: Strikes out looking
|
|
Batting: SHB Jerry Luckwell
|
0-0: Called Strike 0-1: Foul Ball, location: 2F 0-2: Ball 1-2: SINGLE (Line Drive, 89M, EV 101.2 MPH) Garry Hash to third Jason May to second Runner from 3rd tries for Home, throw by CF and OUT! 8-2
|
| Top of the 4th over - 0 runs, 2 hits, 0 errors, 2 left on base; Oakland 3 - Kansas City 0 |
| BOTTOM OF THE 4TH |
|
Kansas City Royals batting - Pitching for Oakland Athletics : RHP Corbin Schenn
|
|
Batting: LHB Mike Meyerhoff
|
0-0: Ball 1-0: Called Strike 1-1: Foul Ball, location: 2F 1-2: Strikes out looking
|
|
Batting: RHB Mike Jaquez
|
0-0: Ball 1-0: Called Strike 1-1: Foul Ball, location: 2F 1-2: Hit by Pitch
|
|
Batting: LHB Roman Downey
|
0-0: Ball 1-0: Ball 2-0: Ball 3-0: Called Strike 3-1: Base on Balls Mike Jaquez to second
|
|
Batting: SHB Gil Switzer
|
0-0: Called Strike 0-1: Called Strike 0-2: Strikes out looking
|
|
Batting: LHB Pete Hansel
|
0-0: Reached on error, E3 (Groundball, 3S, EV 72.5 MPH) Mike Jaquez to third Roman Downey to second
|
|
Batting: LHB Bill Baconneck
|
0-0: Ball 1-0: Swinging Strike 1-1: Swinging Strike 1-2: Fly out, F5 (Popup, 5SF, EV 86.2 MPH)
|
| Bottom of the 4th over - 0 runs, 0 hits, 1 error, 3 left on base; Oakland 3 - Kansas City 0 |
| TOP OF THE 5TH |
|
Oakland Athletics batting - Pitching for Kansas City Royals : LHP John Brooks
|
|
Pitching: LHP John Hall
|
|
|
Batting: RHB Muneo Kawachi
|
0-0: Ball 1-0: Called Strike 1-1: Foul Ball, location: 2F 1-2: Foul Ball, location: 2F 1-2: Foul Ball, location: 2F 1-2: Ball 2-2: Ball 3-2: Base on Balls
|
|
Batting: RHB Randy Shrewsbury
|
0-0: Ball 1-0: Ball Muneo Kawachi steals 2nd base 2-0: Foul Ball, location: 2F 2-1: Foul Ball, location: 2F 2-2: Fly out, F7 (Flyball, 78XD, EV 99.4 MPH) Runner from 2nd tags up, SAFE at 3rd, no throw by LF
|
|
Batting: SHB Quincy Bradford
|
0-0: Ball Wild Pitch! Muneo Kawachi scores 1-0: Called Strike 1-1: TRIPLE (Groundball, 3L, EV 107.5 MPH)
|
|
Batting: RHB Tommy Baird
|
0-0: Ball 1-0: Ball 2-0: Ball 3-0: Called Strike 3-1: Ground out 4-3 (Groundball, 4, EV 90.0 MPH) Quincy Bradford scores
|
|
Batting: RHB Nick Gentzel
|
0-0: Ball 1-0: Ball 2-0: Foul Ball, location: 2F 2-1: Ball 3-1: Foul Ball, location: 2F 3-2: Fly out, F8 (Flyball, 8RD, EV 75.0 MPH)
|
| Top of the 5th over - 2 runs, 1 hit, 0 errors, 0 left on base; Oakland 5 - Kansas City 0 |
| BOTTOM OF THE 5TH |
|
Kansas City Royals batting - Pitching for Oakland Athletics : RHP Corbin Schenn
|
|
Batting: LHB Manny Estrada
|
0-0: Ground out U3 (Groundball, 34S, EV 86.2 MPH)
|
|
Batting: SHB Jose Pacheco
|
0-0: Fly out, F9 (Flyball, 9, EV 85.0 MPH)
|
|
Batting: RHB Matt Belgard
|
0-0: Ball 1-0: Called Strike 1-1: Ball 2-1: SINGLE (Groundball, 6M, EV 96.9 MPH) (infield hit)
|
|
Batting: LHB Mike Meyerhoff
|
0-0: Ball Matt Belgard steals 2nd base 1-0: Called Strike 1-1: Ball 2-1: Ball 3-1: Called Strike 3-2: Foul Ball, location: 2F 3-2: Fly out, F9 (Flyball, 9, EV 95.0 MPH)
|
| Bottom of the 5th over - 0 runs, 1 hit, 0 errors, 1 left on base; Oakland 5 - Kansas City 0 |
| TOP OF THE 6TH |
|
Oakland Athletics batting - Pitching for Kansas City Royals : LHP John Hall
|
|
Batting: RHB Garry Hash
|
0-0: Ground out U3 (Groundball, 3S, EV 78.8 MPH)
|
|
Batting: RHB Jason May
|
0-0: Ball 1-0: Swinging Strike 1-1: Ball 2-1: Ball 3-1: Base on Balls
|
|
Batting: RHB C.J. Beavers
|
0-0: SINGLE (Line Drive, 78S, EV 100.0 MPH) Jason May to second
|
|
Batting: SHB Jerry Luckwell
|
0-0: Fielders Choice at 2nd, 5-4 (Groundball, 5, EV 89.4 MPH) Jason May to third
|
|
Batting: RHB Muneo Kawachi
|
0-0: Swinging Strike 0-1: Called Strike 0-2: Ball 1-2: Strikes out looking
|
| Top of the 6th over - 0 runs, 1 hit, 0 errors, 2 left on base; Oakland 5 - Kansas City 0 |
| BOTTOM OF THE 6TH |
|
Kansas City Royals batting - Pitching for Oakland Athletics : RHP Corbin Schenn
|
|
Batting: RHB Mike Jaquez
|
0-0: Swinging Strike 0-1: Ball 1-1: Ball 2-1: Foul Ball, location: 2F 2-2: Ground out 5-3 (Groundball, 5S, EV 65.0 MPH)
|
|
Batting: LHB Roman Downey
|
0-0: Ball 1-0: Ball 2-0: Called Strike 2-1: SINGLE (Line Drive, 7S, EV 98.8 MPH)
|
|
Batting: SHB Gil Switzer
|
0-0: 2-RUN HOME RUN (Flyball, 78XD, EV 103.8 MPH), Distance : 397 ft
|
|
Batting: LHB Pete Hansel
|
0-0: Ball 1-0: Ball 2-0: Ball 3-0: Base on Balls
|
|
Batting: LHB Bill Baconneck
|
0-0: Ball 1-0: Foul Ball, location: 2F 1-1: Foul Ball, location: 2F 1-2: Ball Pete Hansel is caught stealing 2nd base 2-6 2-2: Foul Ball, location: 2F 2-2: Foul Ball, location: 2F 2-2: Fly out, F7 (Flyball, 78D, EV 98.8 MPH)
|
| Bottom of the 6th over - 2 runs, 2 hits, 0 errors, 0 left on base; Oakland 5 - Kansas City 2 |
| TOP OF THE 7TH |
|
Oakland Athletics batting - Pitching for Kansas City Royals : LHP John Hall
|
|
Pitching: RHP Josh Moncada
|
|
|
Batting: RHB Randy Shrewsbury
|
0-0: Ball 1-0: Ball 2-0: Hit by Pitch
|
|
Batting: SHB Quincy Bradford
|
0-0: Sac Bunt to 5S - play at first, batter safe! Randy Shrewsbury to second
|
|
Batting: RHB Tommy Baird
|
0-0: Called Strike 0-1: Ball 1-1: Fly out, F7 (Line Drive, 78D, EV 93.8 MPH)
|
|
Batting: RHB Nick Gentzel
|
0-0: Foul Ball, location: 2F 0-1: Foul Ball, location: 2F 0-2: Ball 1-2: Ball 2-2: Reached on error, E5 (Groundball, 56, EV 99.4 MPH) Randy Shrewsbury to third Quincy Bradford to second
|
|
Batting: RHB Garry Hash
|
0-0: Ball 1-0: Ball 2-0: Ball 3-0: Base on Balls Randy Shrewsbury scores Quincy Bradford to third Nick Gentzel to second
|
|
Batting: RHB Jason May
|
0-0: Foul Ball, location: 2F 0-1: Called Strike 0-2: Grounds into double play, 4-6-3 (Groundball, 4M, EV 108.1 MPH)
|
| Top of the 7th over - 1 run, 1 hit, 1 error, 2 left on base; Oakland 6 - Kansas City 2 |
| BOTTOM OF THE 7TH |
|
Kansas City Royals batting - Pitching for Oakland Athletics : RHP Corbin Schenn
|
|
Pitching: RHP George Rubio
|
|
|
Batting: LHB Manny Estrada
|
0-0: Foul Ball, location: 2F 0-1: Ball 1-1: Ball 2-1: Ball 3-1: Base on Balls
|
|
Batting: SHB Jose Pacheco
|
0-0: Ball 1-0: Foul Ball, location: 2F 1-1: Called Strike 1-2: Strikes out swinging
|
|
Batting: RHB Matt Belgard
|
0-0: Called Strike 0-1: Ball 1-1: Swinging Strike 1-2: Foul Ball, location: 2F 1-2: Strikes out swinging
|
|
Batting: LHB Mike Meyerhoff
|
0-0: Swinging Strike 0-1: Ball 1-1: 2-RUN HOME RUN (Flyball, 89XD, EV 116.2 MPH), Distance : 448 ft
|
|
Batting: RHB Mike Jaquez
|
0-0: SOLO HOME RUN (Flyball, 78XD, EV 110.0 MPH), Distance : 430 ft
|
|
Pitching: RHP Orlando Giron
|
|
|
Batting: LHB Roman Downey
|
0-0: Ground out 2-3 (Groundball, 15S, EV 71.9 MPH)
|
| Bottom of the 7th over - 3 runs, 2 hits, 0 errors, 0 left on base; Oakland 6 - Kansas City 5 |
| TOP OF THE 8TH |
|
Oakland Athletics batting - Pitching for Kansas City Royals : RHP Josh Moncada
|
|
Pitching: RHP David Silva
|
|
|
Batting: RHB C.J. Beavers
|
0-0: Ball 1-0: Foul Ball, location: 2F 1-1: Foul Ball, location: 2F 1-2: Ball 2-2: DOUBLE (Line Drive, 78D, EV 107.5 MPH)
|
|
Batting: SHB Jerry Luckwell
|
0-0: Ball 1-0: Foul Ball, location: 2F 1-1: Fly out, F7 (Flyball, 78M, EV 90.6 MPH)
|
|
Batting: RHB Muneo Kawachi
|
0-0: Called Strike C.J. Beavers steals 3rd base 0-1: Ball 1-1: Ball 2-1: Fly out, F5 (Popup, 5, EV 66.2 MPH)
|
|
Batting: RHB Randy Shrewsbury
|
0-0: Ball 1-0: Ball 2-0: Ball 3-0: Called Strike 3-1: Fly out, F4 (Line Drive, 4, EV 75.6 MPH)
|
| Top of the 8th over - 0 runs, 1 hit, 0 errors, 1 left on base; Oakland 6 - Kansas City 5 |
| BOTTOM OF THE 8TH |
|
Kansas City Royals batting - Pitching for Oakland Athletics : RHP Orlando Giron
|
|
Batting: SHB Gil Switzer
|
0-0: Fly out, F9 (Flyball, 9D, EV 101.9 MPH)
|
|
Batting: LHB Pete Hansel
|
0-0: Ball 1-0: Called Strike 1-1: Ball 2-1: Swinging Strike 2-2: Ball 3-2: Foul Ball, location: 2F 3-2: Foul Ball, location: 2F 3-2: Base on Balls
|
|
Batting: LHB Bill Baconneck
|
0-0: Called Strike 0-1: Ball 1-1: SINGLE (Line Drive, 78S, EV 99.4 MPH) Pete Hansel to second
|
|
Batting: LHB Manny Estrada
|
0-0: Ball 1-0: Ball 2-0: Foul Ball, location: 2F 2-1: Called Strike 2-2: Ball 3-2: Base on Balls Pete Hansel to third Bill Baconneck to second
|
|
Batting: SHB Jose Pacheco
|
0-0: Foul Ball, location: 2F 0-1: Foul Ball, location: 2F 0-2: Hit by Pitch Pete Hansel scores Bill Baconneck to third Manny Estrada to second
|
|
Batting: RHB Matt Belgard
|
0-0: Called Strike 0-1: Foul Ball, location: 2F 0-2: Foul Ball, location: 2F 0-2: Ball 1-2: Foul Ball, location: 2F 1-2: Fly out, F2 (Popup, 23F, EV 81.9 MPH)
|
|
Batting: LHB Mike Meyerhoff
|
0-0: Called Strike 0-1: SINGLE (Line Drive, 4MD, EV 97.5 MPH) Bill Baconneck scores Manny Estrada to third Jose Pacheco to second
|
|
Batting: RHB Mike Jaquez
|
0-0: Ball 1-0: Called Strike 1-1: Ball 2-1: Ball 3-1: Base on Balls Manny Estrada scores Jose Pacheco to third Mike Meyerhoff to second
|
|
Batting: LHB Roman Downey
|
0-0: Called Strike 0-1: Fielders Choice at 2nd, U4 (Groundball, 4M, EV 106.2 MPH)
|
| Bottom of the 8th over - 3 runs, 2 hits, 0 errors, 3 left on base; Oakland 6 - Kansas City 8 |
| TOP OF THE 9TH |
|
Oakland Athletics batting - Pitching for Kansas City Royals : RHP David Silva
|
|
Pitching: LHP Mike Jones
|
|
|
Batting: SHB Quincy Bradford
|
0-0: Called Strike 0-1: Ball 1-1: Foul Ball, location: 2F 1-2: Ball 2-2: Ball 3-2: Base on Balls
|
|
Batting: RHB Tommy Baird
|
0-0: Ball 1-0: Ball 2-0: Ball 3-0: Base on Balls Quincy Bradford to second
|
|
Batting: RHB Nick Gentzel
|
0-0: Ball 1-0: Ball 2-0: Called Strike 2-1: Called Strike 2-2: Fielders Choice at 2nd, 3-6 (Groundball, 34, EV 78.8 MPH) Quincy Bradford to third
|
|
Batting: RHB Garry Hash
|
0-0: Ball 1-0: Ball 2-0: Called Strike 2-1: Fly out, F8 (Flyball, 8RD, EV 89.4 MPH)
|
|
Batting: RHB Jason May
|
0-0: Ground out 5-3 (Groundball, 56S, EV 91.2 MPH)
|
| Top of the 9th over - 0 runs, 0 hits, 0 errors, 2 left on base; Oakland 6 - Kansas City 8 |
|